 Dungeon Crawl Stone Soup version 0.18.1-1-g2f07953 (webtiles) character file.

11402 namelastname112 the Destroyer (level 11, -3/75 HPs)
             Began as a White Draconian Conjurer on May 7, 2016.
             Was a Believer of Ashenzari.
             Slain by a polar bear (10 damage)
             ... in an ice cave.
             The game lasted 00:29:46 (13832 turns).

namelastname112 the Destroyer (DrCj)               Turns: 13832, Time: 00:29:46

Health: -3/75      AC: 12    Str: 11    XL:     11   Next: 48%
Magic:  15/25      EV: 12    Int: 17    God:    Ashenzari [**....]
Gold:   162        SH:  0    Dex: 16    Spells: 5 memorised, 16 levels left

rFire  . . .     SeeInvis .     f - +2 quarterstaff (chaos)
rCold  + . .     Gourm    .     (armour unavailable)
rNeg   + . .     Faith    .     (shield currently unavailable)
rPois  .         Spirit   .     (helmet restricted)
rElec  .         Dismiss  .     D - +1 cloak {MR+} (curse)
rCorr  .         Reflect  .     N - +1 pair of gloves {Dex+3} (curse)
SustAt .         Harm     .     H - +0 pair of boots
MR     +....                    (no amulet)
Stlth  ++........               (no ring)
                                d - ring of positive energy

@: about to teleport, repel missiles, somewhat resistant to hostile
enchantments, unstealthy
A: breathe frost, unfitting armour, agile 1, cold resistance 1, dopey 1,
screaming 1, cold-blooded, AC +7
a: Breathe Frost, Curse Item, Scrying, Renounce Religion


You were in an ice cave.
You worshipped Ashenzari.
Ashenzari was pleased with you.
You were not hungry.

You visited 1 branch of the dungeon, and saw 11 of its levels.
You also visited: Sewer and Ice Cave.

You collected 349 gold pieces.
You spent 187 gold pieces at shops.

Inventory:

Hand Weapons
 f - a +2 quarterstaff of chaos (weapon)
Armour
 D - a cursed +1 cloak of magic resistance (worn)
 H - a +0 pair of boots (worn)
 N - a cursed +1 pair of gloves of dexterity (worn)
Magical Staves
 K - an uncursed staff of wizardry
Jewellery
 d - a ring of positive energy (left hand)
 O - an uncursed ring of ice
Wands
 z - a wand of teleportation (7/9)
 J - a wand of random effects (18/48)
Scrolls
 e - 3 scrolls of recharging
 g - 6 scrolls of teleportation
 h - 3 scrolls of enchant weapon {unknown}
 j - 3 scrolls of identify
 l - 2 scrolls of fog
 o - a scroll of enchant armour
 v - 4 scrolls of magic mapping {unknown}
 x - a scroll of immolation
 y - a scroll of noise
 A - a scroll of remove curse
Potions
 c - 3 potions of magic
 i - a potion of invisibility
 n - a potion of brilliance
 q - 4 potions of haste
 r - 2 potions of might
 u - a potion of agility
 w - a potion of flight
Books
 a - a book of Conjurations

   Spells                             Type                      Level
   a - Magic Dart                     Conjuration                  1
   b - Searing Ray                    Conjuration                  2
   c - Dazzling Spray                 Conjuration/Hexes            3
   d - Fulminant Prism                Conjuration/Hexes            4
   e - Iskenderun's Mystic Blast      Conjuration                  4
   f - Iskenderun's Battlesphere      Conjuration/Charms           5
 G - an Akashic Record

   Spells                             Type                      Level
   a - Dispersal                      Translocation                6
   b - Malign Gateway                 Summoning/Translocation      7
   c - Disjunction                    Translocation                8
   d - Controlled Blink               Translocation                8
 L - a book of Air

   Spells                             Type                      Level
   a - Shock                          Conjuration/Air              1
   b - Swiftness                      Charms/Air                   2
   c - Repel Missiles                 Charms/Air                   2
   d - Static Discharge               Conjuration/Air              3
   e - Lightning Bolt                 Conjuration/Air              5
Miscellaneous
 I - a sack of spiders {used: 2}
 M - a fan of gales (inert)
Comestibles
 b - 9 bread rations
 k - 6 slices of pizza


   Skills:
 + Level 0.4 Fighting
 + Level 1.9 Dodging
 - Level 1.7 Stealth
 + Level 10.2 Spellcasting
 + Level 11.3 Conjurations
 - Level 9.4 Charms


You had 16 spell levels left.
You knew the following spells:

 Your Spells              Type           Power        Failure   Level  Hunger
a - Iskenderun's Battles  Conj/Chrm      #####...     4%          5    #####..
b - Repel Missiles        Chrm/Air       ###...       1%          2    None
c - Iskenderun's Mystic   Conj           #####...     1%          4    ###....
x - Searing Ray           Conj           #####.       1%          2    None
z - Magic Dart            Conj           ####         1%          1    None


Dungeon Overview and Level Annotations

Branches:
Dungeon (11/15)            Temple (0/1) D:7            Lair (0/8) D:10
    Orc: D:9-12

Altars:
Ashenzari
Dithmenos
Fedhas
Gozag
Makhleb
Okawaru
Pakellas
Qazlal
Sif Muna
Trog
Vehumet
Yredelemnul
Zin
The Shining One

Shops:
D:8 *


Innate Abilities, Weirdness & Mutations

You can breathe waves of freezing cold.
You can buffet flying creatures when you breathe cold.
Your icy white scales are hard (AC +7).
Your body does not fit into most forms of armour.
Your flesh is cold resistant.
You are cold-blooded and may be slowed by cold attacks.
You are agile. (Dex +2)
You are dopey. (Int -2)
You occasionally shout uncontrollably at your foes.


Message History

The polar bear barely misses you. The yak gores you!
Your soldier ant stings the polar bear!
The polar bear is poisoned.
Your soldier ant poisons the polar bear!
The polar bear bites you!
* * * LOW HITPOINT WARNING * * *
The polar bear claws you but does no damage.
The polar bear claws you.
* * * LOW HITPOINT WARNING * * *
You take 3 damage, and have 16/75 hp.
Read which item? (? for menu, Esc to quit)
Okay, then.
Drink which item? (? for menu, Esc to quit)
You feel better. The polar bear bites you.
* * * LOW HITPOINT WARNING * * *
The polar bear barely misses you.
The polar bear claws you but does no damage.
The yak gores you!
* * * LOW HITPOINT WARNING * * *
Your soldier ant stings the polar bear!
The polar bear bites you!
You die...

,, #..... ,
.......§
##....**
..##.... * ,,
#....## ###.§
* #.....####
* ##§ ≈ *
#....##≈≈# *
## ##...##≈≈≈
≈ ≈ **
#...##≈≈###**
≈
#Yh#.≈≈##a##
* ≈
##@#.≈##.aY#
##h.##..#.Y#*
* *
#a##..###...#
#a...##
*##..# *
##..## .# *
#### *.# , h*
* , ** *,


You could see 2 polar bears, a yak and 2 friendly soldier ants.

Vanquished Creatures
  A centaur warrior (D:9)
  The ghost of Graouh the Blocker, a novice MiFi of Okawaru (D:10)
  Pikel (D:6)
  An ugly thing (D:9)
  An oklob plant (D:10)
  A deep elf mage (D:9)
  3 gargoyles
  2 polar bears (IceCv)
  The ghost of M4edhros the Insei, an amateur OpNe (D:5)
  8 yaks
  A human (D:7)
  A hungry ghost (D:8)
  Menkaure (D:7)
  A water moccasin (D:10)
  3 orc warriors
  A wasp (D:6)
  An ice beast (D:9)
  6 sky beasts
  3 slaves
  4 boggarts (D:10)
  6 ogres
  A necrophage (D:8)
  3 phantoms
  A big kobold (D:9)
  Blork the orc (D:5)
  A gnoll sergeant (D:8)
  4 giant frogs
  A wyvern zombie (D:9)
  2 wyvern skeletons
  2 scorpions
  9 wights
  7 killer bees (D:8)
  5 crimson imps
  2 centaur zombies
  2 hounds
  4 orc priests
  Crazy Yiuf (D:2)
  3 jellies
  5 orc wizards
  A centaur skeleton (D:8)
  8 iguanas
  8 worker ants
  4 sheep (D:7)
  A hound zombie (D:8)
  A howler monkey skeleton (D:5)
  16 adders
  11 gnolls
  5 river rats (Sewer)
  4 shadow imps
  An ooze (D:3)
  An adder skeleton (D:8)
  2 worms
  A dart slug (D:2)
  9 giant geckos
  21 orcs
  3 ball pythons
  8 giant cockroaches
  8 goblins
  10 hobgoblins
  7 jackals
  10 kobolds
  6 quokkas
  4 bats
  6 giant newts
  A jackal skeleton (D:4)
  A jackal zombie (D:6)
  2 quokka skeletons
  A quokka zombie (D:5)
  17 rats
  A fungus (D:2)
  A plant (D:10)
282 creatures vanquished.

Vanquished Creatures (collateral kills)
  A yak (IceCv)
  A gnoll shaman (D:6)
  A worker ant zombie (D:6)
  A gnoll (D:6)
4 creatures vanquished.

Grand Total: 286 creatures vanquished

Notes
Turn   | Place    | Note
--------------------------------------------------------------
     0 | D:1      | namelastname112 the Draconian Conjurer began the quest for the Orb.
     0 | D:1      | Reached XP level 1. HP: 14/14 MP: 3/3
   316 | D:1      | Reached XP level 2. HP: 19/20 MP: 0/5
   323 | D:1      | Learned a level 2 spell: Searing Ray
   878 | D:2      | Reached XP level 3. HP: 20/26 MP: 1/7
  1099 | D:2      | Found a blossoming altar of Fedhas.
  1260 | D:2      | Reached XP level 4. HP: 33/33 MP: 2/8
  1290 | D:2      | Gained mutation: You are dopey. (Int -2) [potion of mutation]
  1290 | D:2      | Gained mutation: You are agile. (Dex +2) [potion of mutation]
  1290 | D:2      | Gained mutation: You occasionally shout uncontrollably at your foes. [potion of mutation]
  1700 | D:2      | Reached skill level 5 in Conjurations
  1898 | D:2      | Noticed Crazy Yiuf
  1910 | D:2      | Killed Crazy Yiuf
  2094 | D:3      | Found an oddly glowing altar of Pakellas.
  2248 | D:3      | Reached XP level 5. HP: 38/38 MP: 8/10
  2274 | D:3      | Learned a level 5 spell: Iskenderun's Battlesphere
  2356 | D:3      | Found a faded altar to an unknown god.
  2389 | D:3      | Reached skill level 1 in Charms
  2440 | D:3      | Became a worshipper of Ashenzari the Shackled
  2440 | D:3      | Reached * piety under Ashenzari
  2652 | D:3      | Found a burning altar of Makhleb.
  2661 | D:3      | Found a glowing silver altar of Zin.
  2661 | D:3      | Noticed an angel
  2662 | D:3      | Noticed a cacodemon
  3070 | D:4      | Reached XP level 6. HP: 31/45 MP: 0/12
  3458 | D:4      | Found a glowing drain.
  3498 | Sewer    | Entered a sewer
  3750 | Sewer    | Reached skill level 6 in Conjurations
  4069 | D:4      | Your scales start taking on an icy white colour.
  4069 | D:4      | Reached XP level 7. HP: 50/50 MP: 4/14
  4069 | D:4      | Gained mutation: Your flesh is cold resistant. [White Draconian growth]
  4343 | D:5      | Entered Level 5 of the Dungeon
  4343 | D:5      | Found a blossoming altar of Fedhas.
  4343 | D:5      | Found a radiant altar of Vehumet.
  4434 | D:5      | Noticed Blork the orc
  4447 | D:5      | Killed Blork the orc
  4540 | D:5      | Reached skill level 5 in Spellcasting
  4703 | D:5      | Found a deep blue altar of Sif Muna.
  4707 | D:5      | Found an opulent altar of Gozag.
  5239 | D:5      | Noticed M4edhros's ghost (amateur OpNe)
  5279 | D:5      | Killed M4edhros's ghost
  5279 | D:5      | Reached skill level 7 in Conjurations
  5279 | D:5      | Reached XP level 8. HP: 57/57 MP: 9/16
  5559 | D:5      | incide: хм, ашика конжуреру? а как же вех
  5572 | D:5      | namelastname112: а я на рандомном алтаре помолился
  5623 | D:5      | incide: а, тогда хорошо, что не трог еще
  5716 | D:6      | Noticed Pikel
  5719 | D:5      | incide: или федя
  6179 | D:6      | Killed Pikel
  6179 | D:6      | Reached skill level 8 in Conjurations
  6179 | D:6      | Reached skill level 5 in Charms
  6296 | D:6      | Reached XP level 9. HP: 58/62 MP: 13/19
  6727 | D:7      | Found an iron altar of Okawaru.
  6748 | D:7      | Found a staircase to the Ecumenical Temple.
  7923 | D:7      | Noticed Menkaure
  7927 | D:7      | Killed Menkaure
  7986 | D:7      | Reached skill level 9 in Conjurations
  8046 | D:8      | Found a bloodstained altar of Trog.
  8046 | D:8      | Found a stormy altar of Qazlal.
  8046 | D:8      | Found a shadowy altar of Dithmenos.
  8083 | D:8      | Found Zinawifa's Assorted Antiques.
  8089 | D:8      | Bought a potion of curing for 66 gold pieces
  8089 | D:8      | Bought a glowing cloak for 99 gold pieces
  8089 | D:8      | Bought a scroll labeled NOODUU GUZXIALEV for 22 gold pieces
  8848 | D:8      | Reached XP level 10. HP: 69/69 MP: 3/22
  8939 | D:8      | Rekenzichi: Чому только 4 руны сделал, на дракониане смерти?
  9063 | D:8      | namelastname112: на ком?
  9063 | D:8      | namelastname112: на иреде?
  9102 | D:8      | Reached ** piety under Ashenzari
  9120 | D:8      | Rekenzichi: DrGl of Yred
  9151 | D:8      | namelastname112: иред для 15 не оче подходит
  9554 | D:8      | Found a basalt altar of Yredelemnul.
  9667 | D:8      | Found a glowing golden altar of the Shining One.
  9681 | D:8      | incide: о, акащик
  9681 | D:8      | Rekenzichi: Ну можно было же Абис руну вынести ещё, не?
  9770 | D:8      | namelastname112: ну я видимо решил хуй забить
  9770 | D:8      | namelastname112: кстати
  9770 | D:8      | namelastname112: рекен
  9770 | D:8      | namelastname112: ты в турнире участвуешь?
  9856 | D:8      | Rekenzichi: Неа
 10001 | D:8      | Noticed an angel
 10021 | D:8      | Rekenzichi: Ты ж видел, насколько я плох в этой игре
 10151 | D:9      | namelastname112: ну и что
 10151 | D:9      | namelastname112: лол
 10151 | D:9      | Rekenzichi: Да и профиты разве с этого какие-то есть?
 10151 | D:9      | namelastname112: в турнире необязательно выигрывать
 10151 | D:9      | namelastname112: ну как
 10151 | D:9      | namelastname112: письками меряться
 10415 | D:9      | Noticed a deep elf mage
 10421 | D:9      | Killed a deep elf mage
 10421 | D:9      | Reached skill level 10 in Conjurations
 10449 | D:9      | Noticed a centaur warrior
 10469 | D:9      | Killed a centaur warrior
 10851 | D:9      | Rekenzichi: Так если ты плох в игре, то и писька у тебя получится соответствующая, не?
 10958 | D:9      | Noticed a purple ugly thing
 10958 | D:9      | Noticed a gargoyle
 10972 | D:9      | Killed a purple ugly thing
 10979 | D:9      | Killed a gargoyle
 11135 | D:9      | Noticed a gargoyle
 11154 | D:9      | Killed a gargoyle
 11383 | D:9      | Learned a level 2 spell: Repel Missiles
 11447 | D:9      | xeno23: ну это весело
 11447 | D:9      | namelastname112: ну бля
 11447 | D:9      | xeno23: поделать ачивки
 11447 | D:9      | namelastname112: ты так говоришь
 11447 | D:9      | namelastname112: епен вон тоже ниоч игрок
 11447 | D:9      | namelastname112: он начал-то с месяц назад
 11447 | D:9      | namelastname112: и ниче
 11447 | D:9      | namelastname112: в панах вон тусит
 11592 | D:9      | Reached XP level 11. HP: 65/74 MP: 17/24
 11601 | D:9      | Found a shattered altar of Ashenzari.
 11717 | D:9      | Rekenzichi: Но если у тебя за 4 года игры 1 победа - это повод задуматься
 11733 | D:9      | Rekenzichi: хех
 11938 | D:9      | Identified 3 scrolls of acquirement
 11938 | D:9      | xeno23: ну раньше кравл был хардкорней
 11938 | D:9      | namelastname112: ммм нахуй
 11938 | D:9      | Rekenzichi: Как бы то ни было, где на турич регаться
 11938 | D:9      | incide: броник заказывай
 11938 | D:9      | namelastname112: я думаю
 11938 | D:9      | namelastname112: палку или броню
 11938 | D:9      | xeno23: точно армор
 11938 | D:9      | namelastname112: ну похуй
 11947 | D:10     | Entered Level 10 of the Dungeon
 11990 | D:10     | incide: о, и даже сразу курсд
 12002 | D:10     | incide: ашенька одобряет
 12165 | D:10     | Noticed an oklob plant
 12181 | D:10     | xeno23: ну вон у джейди и нейма в клане еще есть место
 12186 | D:10     | Learned a level 4 spell: Iskenderun's Mystic Blast
 12203 | D:10     | xeno23: можешь к ним
 12224 | D:10     | Found a staircase to the Lair.
 12360 | D:10     | Rekenzichi: А клан лидер кто?
 12410 | D:10     | Reached skill level 11 in Conjurations
 12598 | D:10     | namelastname112: джейди
 12764 | D:10     | Killed an oklob plant
 12995 | D:10     | incide: жыди
 13011 | D:10     | Noticed Graouh's ghost (novice MiFi)
 13060 | D:10     | Rekenzichi: Ну хорошо, как Овервотч у меня кончиться, так и займусь
 13078 | D:10     | Rekenzichi: Ачивки поделать всегда приятно
 13089 | D:10     | incide: а он что, уже из закрытой альфы вышел?
 13099 | D:10     | xeno23: там сейчас с 5 по 9 можно поиграть
 13100 | D:10     | xeno23: не покупая
 13100 | D:10     | Rekenzichi: 5-9 мая - открытая бета
 13131 | D:10     | incide: ништяк
 13143 | D:10     | xeno23: шутаны не нужны
 13162 | D:10     | xeno23: хотя я поиграю, посмотрю
 13162 | D:10     | Killed Graouh's ghost
 13162 | D:10     | Reached skill level 10 in Spellcasting
 13164 | D:10     | Rekenzichi: Что-то играю и всё больше купить хочу. Зело близарды "приятные" игры делают
 13453 | D:11     | Found a frozen archway.
 13461 | IceCv    | Entered an ice cave
 13463 | IceCv    | Rekenzichi: Что ХС, что ХОТС
 13465 | IceCv    | xeno23: у близзов все последние игры провальные
 13470 | IceCv    | Rekenzichi: Именно приятные
 13476 | IceCv    | Rekenzichi: Та какая разница
 13477 | IceCv    | Rekenzichi: Провальные или нет
 13482 | IceCv    | xeno23: уууу
 13580 | IceCv    | xeno23: чуть яки не съели
 13770 | IceCv    | incide: сестра работала для них аутсорсером, текстуры рисовала, грит, жадные, требуют дохуя, а платят как придется
 13775 | IceCv    | Identified the cursed +0 pair of gloves of Polytheism {Str+4} (You acquired it in an ice cave)
 13780 | IceCv    | incide: зато конечный продукт красивенький
 13787 | IceCv    | Rekenzichi: Прохладные истории
 13787 | IceCv    | incide: а то
 13808 | IceCv    | incide: вообще не знаю, старкрафты ничо так, хотс тоже, но вот хартстоун решительно не понимаю
 13817 | IceCv    | Rekenzichi: Так на любителя игра
 13819 | IceCv    | incide: это как мэджик, только казуальный
 13824 | IceCv    | Rekenzichi: Ты ж в Мотыгу не играешь
 13832 | IceCv    | xeno23: ну вов они проебали, хотс говнецом вышел
 13832 | IceCv    | Slain by a polar bear

Skill      XL: |  1  2  3  4  5  6  7  8  9 10 11 |
---------------+----------------------------------+-----
Spellcasting   | 3 4 5 6 8 9 10 | 10.2
Conjurations   | 5 6 7 8 9 10 11 | 11.3
Charms         | 1 2 4 5 7 8 9 |  9.4
Fighting       | |  0.4
Dodging        | |  1.9
Stealth        | |  1.7

Action                   |  1- 3 |  4- 6 |  7- 9 | 10-12 || total
-------------------------+-------+-------+-------+-------++-------
Melee: Unarmed           |    11 |       |       |       ||    11
       Tailslap          |     6 |    10 |     4 |     7 ||    27
       Dagger            |    47 |    34 |       |       ||    81
       Quarterstaff      |       |    51 |    42 |    48 ||   141
 Cast: Magic Dart        |    57 |   135 |   244 |   154 ||   590
       Searing Ray       |     1 |     8 |    42 |    12 ||    63
       Iskenderun's Batt |       |       |     2 |    31 ||    33
       Repel Missiles    |       |       |       |     1 ||     1
       Iskenderun's Myst |       |       |       |    32 ||    32
Invok: Curse Item        |       |       |     1 |       ||     1
 Abil: Breathe Frost     |       |       |     8 |    13 ||    21
Evoke: Wand              |       |       |       |     2 ||     2
       Sack of spiders   |       |       |       |     2 ||     2
       Fan of gales      |       |       |       |     1 ||     1
  Use: Potion            |       |     4 |       |     8 ||    12
       Scroll            |       |       |     7 |    16 ||    23
 Stab: Petrified         |       |       |       |     2 ||     2
  Eat: Chunk             |     1 |     8 |    17 |    16 ||    42
       Royal jelly       |       |     1 |       |       ||     1
       Fruit             |       |       |       |     4 ||     4
       Meat ration       |       |       |       |     1 ||     1
       Pizza             |       |       |       |     2 ||     2
       Beef jerky        |       |       |       |     2 ||     2
Armor: Skin              |    14 |    36 |    74 |    68 ||   192
Dodge: Dodged            |    43 |    72 |   112 |   112 ||   339
